 Dungeon Sprint DCSS version 0.30-a0-177-g1cb5dbfd7a (webtiles) character file.

Game seed: 16964418562897631364

837 rocky1 the Fighter (level 7, 0/88 HPs)
             Began as an Ogre Fighter on Oct 3, 2022.
             Was a Believer of Okawaru.
             Slain by a hornet (7 damage)
             ... in the Dungeon (Sprint VII: "The Pits").
             The game lasted 00:04:12 (1083 turns).

rocky1 the Fighter (Ogre Fighter)                   Turns: 1083, Time: 00:04:12

Health: 0/88       AC:  3    Str: 23    XL:     7   Next: 99%
Magic:  10/10      EV: 10    Int:  9    God:    Okawaru [**....]
Gold:   0          SH:  9    Dex:  8    Spells: 6/6 levels left

rFire   . . .      SeeInvis .    a - +0 war axe
rCold   . . .      Faith    .    c - +0 kite shield
rNeg    . . .      Spirit   .    b - +0 robe
rPois   .          Reflect  .    (helmet restricted)
rElec   .          Harm     .    (no cloak)
rCorr   .          Rampage  .    (gloves unavailable)
Will    .....      NoTele   +    (boots unavailable)
Stlth   +.........               (no amulet)
HPRegen 0.34/turn                (no ring)
MPRegen 0.12/turn                (no ring)

@: hasted and slowed, invisible
A: large, unfitting armour, tough skin 1
a: Renounce Religion, Heroism


You were in the Dungeon.
You worshipped Okawaru.
Okawaru was pleased with you.
You visited 1 branch

Inventory:

Hand Weapons
 a - a +0 war axe (weapon)
 m - a +1 mace of protection
Armour
 b - a +0 robe (worn)
 c - a +0 kite shield (worn)
Scrolls
 l - 5 scrolls of amnesia
Potions
 d - a potion of might
 e - 4 potions of curing
 h - 4 potions of magic
 i - 2 potions of berserk rage


   Skills:
 + Level 11.3 Fighting
 + Level 8.4 Axes
 + Level 7.9 Dodging
 + Level 8.7 Shields
 + Level 5.2 Invocations


You had 6 spell levels left.
You didn't know any spells.
Your spell library was empty.

Dungeon Overview and Level Annotations

Branches:
Dungeon (1/1)

Altars:
Ashenzari
Cheibriados
Dithmenos
Elyvilon
Fedhas
Gozag
Hepliaklqana
Kikubaaqudgha
Makhleb
Nemelex Xobeh
Okawaru
Qazlal
Ru
Sif Muna
Trog
Uskayaw
Vehumet
Wu Jian
Xom
Yredelemnul
Zin
The Shining One
Jiyva
Lugonu


Innate Abilities, Weirdness & Mutations

You are too large for most types of armour.
You have tough skin. (AC +1)


Message History

You feel as though you will be slow longer.
Unknown command.
Okay, then.
Unknown command.
Blink to where?
Press: ? - help, Dir - move target
As you read the scroll of blinking, it crumbles to dust.
You open the door.
The hellwing hits you but does no damage.
You block the hellwing's attack. The orc sorcerer barely misses you.
Found fifteen items.
The hellwing attacks as you move away! The hellwing hits you.
* * * LOW HITPOINT WARNING * * *
The hellwing barely misses you.
Found a potion of might and a potion of berserk rage.
The hornet barely misses you. You block the hellwing's attack.
The hellwing hits you but does no damage.
There is an open door here.
Unknown command.
The hornet attacks as you move away! The hornet closely misses you.
The hellwing attacks as you move away! The hellwing hits you!
* * * LOW HITPOINT WARNING * * *
The hellwing hits you but does no damage.
The hornet barely misses you. x2
You see here a +3 ring of intelligence.
Unknown command.
You feel much better.
You feel yourself speed up. The hornet barely misses you.
The hornet stings you!
* * * LOW HITPOINT WARNING * * *
You feel yourself slow down.
Unknown command.
You feel yourself speed up. The hornet stings you!
* * * LOW HITPOINT WARNING * * *
You feel as though you will be slow longer.
The hornet completely misses you.
Unknown command.
You fade into invisibility!
The hornet stings you!
You die...

#)##'#.)...##...<...#
#)#....))).##.......#
#.#........##.......#
#'###########.......#
#..#.#.##.. #########
#.....†.#.###########
##.#.#.##.#....#!![[#
#.......#†#...o#!![[#
##.#.#.##.'...4y@=))#
#.......#'#....#!!))#
##.#.#..).#....#!!))#
####################


You could see a hellwing (summoned, unable to see you), a hornet (unable to see
you) and an orc sorcerer.

Vanquished Creatures
  A blink frog (D)
  A warg (D)
  A sky beast (D)
  An ice beast (D)
  A bullfrog (D)
  A gnoll sergeant (D)
  A scorpion (D)
  A crimson imp (D)
  A gnoll bouda (D)
  An iron imp (D)
  5 gnolls (D)
  3 river rats (D)
  An ufetubus (D)
  An orc (D)
  A bat (D)
  A giant cockroach (D)
  A goblin (D)
  A kobold (D)
  A quokka skeleton (D)
25 creatures vanquished.

Notes
Turn   | Place    | Note
-------+----------+-------------------------------------------
     0 | D        | rocky1 the Ogre Fighter began the quest for the Orb.
     0 | D        | Reached XP level 1. HP: 24/24 MP: 1/1
    20 | D        | Reached XP level 2. HP: 22/33 MP: 2/2
    64 | D        | Found a bloodstained altar of Trog.
    64 | D        | Found a shimmering blue altar of Sif Muna.
    64 | D        | Found a viscous altar of Jiyva.
    64 | D        | Found a hazy altar of Hepliaklqana.
    64 | D        | Found an opulent altar of Gozag.
    65 | D        | Found a glowing golden altar of the Shining One.
    65 | D        | Found a glowing silver altar of Zin.
    65 | D        | Found a basalt altar of Yredelemnul.
    65 | D        | Found a shimmering altar of Xom.
    65 | D        | Found an ornate altar of the Wu Jian Council.
    65 | D        | Found a sacrificial altar of Ru.
    65 | D        | Found a stormy altar of Qazlal.
    65 | D        | Found an iron altar of Okawaru.
    65 | D        | Found a sparkling altar of Nemelex Xobeh.
    65 | D        | Found a burning altar of Makhleb.
    65 | D        | Found a blossoming altar of Fedhas.
    65 | D        | Found a white marble altar of Elyvilon.
    65 | D        | Found a shadowy altar of Dithmenos.
    65 | D        | Found a snail-covered altar of Cheibriados.
    67 | D        | Found a radiant altar of Vehumet.
    67 | D        | Found a corrupted altar of Lugonu.
    68 | D        | Found a hide-covered altar of Uskayaw.
    68 | D        | Found an ancient bone altar of Kikubaaqudgha.
    68 | D        | Found a broken altar of Ashenzari.
    73 | D        | Became a worshipper of Warmaster Okawaru
   113 | D        | Reached skill level 5 in Fighting
   319 | D        | Noticed a gnoll sergeant
   331 | D        | Reached XP level 3. HP: 42/42 MP: 3/3
   335 | D        | Reached skill level 6 in Fighting
   336 | D        | Reached XP level 4. HP: 29/53 MP: 4/4
   336 | D        | Killed a gnoll sergeant
   337 | D        | Reached skill level 7 in Fighting
   337 | D        | Reached skill level 5 in Axes
   337 | D        | Reached skill level 5 in Dodging
   337 | D        | Reached skill level 5 in Shields
   337 | D        | Reached XP level 5. HP: 31/62 MP: 5/5
   596 | D        | Reached skill level 8 in Fighting
   600 | D        | Reached * piety under Okawaru
   601 | D        | Reached skill level 9 in Fighting
   601 | D        | Reached XP level 6. HP: 29/75 MP: 6/6
   760 | D        | Reached skill level 1 in Invocations
   798 | D        | Noticed a blink frog
   828 | D        | Killed a blink frog
   829 | D        | Reached skill level 10 in Fighting
   829 | D        | Reached XP level 7. HP: 37/87 MP: 4/9
   988 | D        | Reached ** piety under Okawaru
   996 | D        | Reached skill level 11 in Fighting
  1057 | D        | Noticed a warg
  1057 | D        | Noticed a hornet
  1057 | D        | Noticed an orc sorcerer
  1062 | D        | Noticed an ice devil
  1066 | D        | Killed a warg
  1067 | D        | Reached skill level 5 in Invocations
  1070 | D        | Paralysed by a hornet for 1 turns
  1074 | D        | Noticed a hellwing
  1083 | D        | Slain by a hornet

Illustrated notes

Levels and vault maps discovered:
D:        pitsprint [storerooms_1, entrance_room_1, metal_vault_3, armoury_2,
          mini_pit_1, grid_room_1, main_hall_1, silver_pit, the_coven_2,
          the_vestibule_1, steel_vault_1, golden_pit, hallway_of_sentries,
          crystal_vault_2, iron_vault_2, final_vault]

Skill      XL: |  1  2  3  4  5  6  7 |
---------------+----------------------+-----
Dodging        | 3 4 5 6 7 |  7.9
Fighting       | 5 6 7 9 10 11 | 11.3
Axes           | 3 4 5 6 7 8 |  8.4
Shields        | 4 5 6 7 8 |  8.7
Invocations    | 3 5 |  5.2

Action                   |  1- 3 |  4- 6 |  7- 9 || total
-------------------------+-------+-------+-------++-------
Melee: War axe           |    43 |    52 |    33 ||   128
Invok: Heroism           |       |     1 |     1 ||     2
  Use: Potion            |     3 |     3 |     6 ||    12
       Scroll            |       |       |     1 ||     1
 Stab: Invisible         |     3 |       |       ||     3
Armor: Robe              |    15 |    11 |     5 ||    31
Dodge: Dodged            |    25 |    16 |    20 ||    61
Block: Kite shield       |    30 |    19 |    18 ||    67

Table legend: (Time is in decaauts)
 A = Elapsed time spent in this place.
 B = Non-inter-level travel time spent in this place.
 C = Inter-level travel time spent in this place.
 D = Time resting spent in this place.
 E = Time spent auto-exploring this place.
 F = Levels seen in this place.
 G = Mean time per level.
                   A        B        C        D        E       F      G
               +--------+--------+--------+--------+--------+-----+--------+
         Total |   1134 |   1115 |     19 |    738 |      0 |   1 | 1134.0 |
       Dungeon |   1134 |   1115 |     19 |    738 |      0 |   1 | 1134.0 |
               +--------+--------+--------+--------+--------+-----+--------+

Top non-repeatable levels by time:
       D: 1134 daAuts
